 Dungeon Crawl Stone Soup version 0.23-a0-655-g3751e1c (webtiles) character file.

53 jerryfan the Skirmisher (level 3, 0/29 HPs)
             Began as a Demonspawn Fighter on Jan 7, 2019.
             Slain by an iguana (10 damage)
             ... on level 1 of the Dungeon.
             The game lasted 00:03:03 (1206 turns).

jerryfan the Skirmisher (Demonspawn Fighter)        Turns: 1206, Time: 00:03:03

Health: 0/29       AC:  6    Str: 17    XL:     3   Next: 62%
Magic:  3/3        EV:  6    Int:  9    God:
Gold:   69         SH:  8    Dex: 12    Spells: 2/2 levels left

rFire    . . .     SeeInvis .   a - +0 long sword
rCold    . . .     Gourm    .   c - +0 shield
rNeg     . . .     Faith    .   b - +0 scale mail
rPois    .         Spirit   .   (no helmet)
rElec    .         Reflect  .   (no cloak)
rCorr    .         Harm     .   (no gloves)
MR       .....                  (no boots)
Stlth    ..........             (no amulet)
HPRegen  0.09/turn              (no ring)
MPRegen  0.08/turn              (no ring)

@: no status effects
A: demonic guardian 1
a: no special abilities


You were on level 1 of the Dungeon.
You were very hungry.

You visited 1 branch of the dungeon, and saw 2 of its levels.

You collected 69 gold pieces.

Inventory:

Hand Weapons
 a - a +0 long sword (weapon)
Armour
 b - a +0 scale mail (worn)
 c - a +0 shield (worn)
Scrolls
 h - a scroll of noise {unknown}
Potions
 d - a potion of might
 e - a potion of curing {unknown}
 i - a potion of lignification {unknown}
Comestibles
 f - 3 rations


   Skills:
 + Level 3.6 Fighting
 + Level 2.5 Long Blades
 + Level 3.2 Armour
 - Level 2.6 Shields


You had 2 spell levels left.
You didn't know any spells.
Your spell library was empty.

Dungeon Overview and Level Annotations

Branches:
Dungeon (2/15)

Altars:

Annotations:
D:1 exclusion: 2 downstairs
D:2 exclusion: 2 upstairs, Sigmund


Innate Abilities, Weirdness & Mutations

A weak demonic guardian rushes to your aid.


Message History

You riposte.
You closely miss the iguana.
Your iron imp hits the worm!
The worm dies!
You climb upwards.
Level annotation: exclusion: 2 downstairs
There is a stone staircase leading down here.
The iguana bites you.
Your shadow imp barely misses the iguana.
Your shadow imp hits the goblin.
The goblin dies!
You hit the iguana.
The iguana is lightly wounded.
Your shadow imp gestures at the iguana.
The iguana writhes in agony!
The iguana hisses menacingly.
Your shadow imp gestures at the iguana.
The iguana barely resists.
You hit the iguana.
The iguana is moderately wounded.
The iguana bites you! x2
You die...

####...#### #.# #.# #.#
#..#...#..####.# #.# #.#
#..'...'.(#....# #.# #.#
#.≈#...#..########.# #.#
####...####........# #.#
#..#...#..########.# #.#
#..'...'.P# ##.## ###.#
#..#...#..#######...######...#
####...####..@l5.>#........#..
#..#...#.P#.#####...####...#..
#..'...÷.<#...........)..#####
#..#..P#..#.######.........#..
############# #########.#.#
#...# #####


You could see an iguana and a friendly shadow imp.

Vanquished Creatures
  An adder (D:1)
  A dart slug (D:1)
  2 bats (D:1)
  6 giant cockroaches
  5 goblins (D:1)
  6 hobgoblins (D:1)
  A frilled lizard (D:1)
  4 kobolds (D:1)
  10 rats (D:1)
36 creatures vanquished.

Vanquished Creatures (collateral kills)
  A worm (D:2)
  A goblin (D:1)
  A kobold (D:2)
3 creatures vanquished.

Grand Total: 39 creatures vanquished

Notes
Turn   | Place    | Note
-------+----------+-------------------------------------------
     0 | D:1      | jerryfan the Demonspawn Fighter began the quest for the
                  | Orb.
     0 | D:1      | Reached XP level 1. HP: 18/18 MP: 1/1
    86 | D:1      | Gained mutation: A weak demonic guardian rushes to your
                  | aid. [demonic ancestry]
    86 | D:1      | Reached XP level 2. HP: 24/24 MP: 2/2
   594 | D:1      | Reached XP level 3. HP: 29/29 MP: 3/3
  1035 | D:2      | Noticed Sigmund
  1206 | D:1      | Slain by an iguana

Vault maps used:
D:1:      dpeg_arrival_prison
D:2:      nicolae_tso_carved_into_rock, lemuel_coloured_pillars_altar,
          lemuel_round_altar, uniq_sigmund

Skill      XL: |  1  2 |
---------------+-------+-----
Long Blades    | 2 |  2.5
Armour         | 3 |  3.2
Fighting       | |  3.6
Shields        | |  2.6

Action                   || total
-------------------------++-------
Melee: Long sword        ||   118
Armor: Scale mail        ||    42
Dodge: Dodged            ||    28
Block: Shield            ||    59
       Rpst.: Long sword ||     8

Table legend:
 A = Non-vault XP
 B = Vault XP
 C = Vault XP percentage of total XP
 D = Non-vault monster count
 E = Vault monster count
 F = Vault count percentage of total count
                 A         B        C        D         E       F
            +---------+---------+-------+---------+---------+-------
      Total |      64 |      12 |  15.8 |      31 |       8 |  20.5
            +---------+---------+-------+---------+---------+-------
        D:1 |      58 |      12 |  17.1 |      28 |       8 |  22.2
        D:2 |       6 |       0 |   0.0 |       3 |       0 |   0.0
            +---------+---------+-------+---------+---------+-------
